 Dungeon Sprint DCSS version 0.19-a0-1608-g4cf22de (webtiles) character file.

15036 poirepourri the Imperceptible (level 11, -1/51 HPs)
             Began as a Spriggan Enchanter on Sept 17, 2016.
             Was the Champion of Dithmenos.
             Engulfed by a cloud of freezing vapour (23 damage)
             ... in the Dungeon (Sprint I: "Red Sonja").
             The game lasted 00:12:38 (2762 turns).

poirepourri the Imperceptible (Spriggan Enchanter)  Turns: 2762, Time: 00:12:39

Health: -1/51      AC:  0    Str:  4    XL:     11   Next: 96%
Magic:  30/30      EV: 31    Int: 18    God:    Dithmenos [******]
Gold:   558        SH:  0    Dex: 23    Spells: 5 memorised, 27 levels left

rFire  + . .     SeeInvis +     a - +2 dagger
rCold  . . .     Gourm    .     q - +1 robe of Servitude {*Corrode rPois rN+ Int+2}
rNeg   + . .     Faith    .     (shield restricted)
rPois  +         Spirit   .     (helmet restricted)
rElec  .         Dismiss  .     h - +0 cloak
rCorr  .         Reflect  .     (gloves unavailable)
MR     ++...     Harm     .     (boots unavailable)
Stlth  ++++++++++ NoTele   +    s - amulet "Uselawk Irif" {RegenMP rF+}
                                n - ring of protection from magic
                                e - ring of wizardry

@: corroded, wreathed by umbra, very quick
A: unfitting armour, thin skeletal structure 1, see invisible, herbivore 3,
speed 3, slow metabolism 2
a: Shadow Step, Shadow Form, Renounce Religion


You were in the Dungeon.
You worshipped Dithmenos.
Dithmenos was exalted by your worship.
You were not hungry.

You visited 1 branch You collected 2686 gold pieces.
You spent 2128 gold pieces at shops.

Inventory:

Hand Weapons
 a - a +2 dagger (weapon)
 k - a +0 blowgun
Missiles
 m - 5 curare-tipped needles
Armour
 h - a +0 cloak (worn)
 l - a +2 robe of positive energy
 q - the +1 robe of Servitude (worn) {*Corrode rPois rN+ Int+2}
   (You bought it in a shop in the Dungeon)

   It affects your intelligence (+2).
   It protects you from poison.
   It protects you from negative energy.
   It may corrode you when you take damage.
 r - a +0 buckler
Jewellery
 e - a ring of wizardry (left hand)
 n - a ring of protection from magic (right hand)
 s - the amulet "Uselawk Irif" (around neck) {RegenMP rF+}
   (You bought it in a shop in the Dungeon)

   [amulet of magic regeneration]

   It increases your magic regeneration.
   It protects you from fire.
 u - an uncursed ring of resist corrosion
Scrolls
 b - a scroll of remove curse
 j - a scroll of blinking
 o - a scroll of recharging
Potions
 g - 2 potions of haste
 i - a potion of berserk rage
 p - 3 potions of cancellation {unknown}
 t - a potion of resistance
Books
 c - a book of Maledictions

   Spells                             Type                      Level
   a - Corona                         Hexes                        1
   b - Ensorcelled Hibernation        Hexes/Ice                    2
   c - Confuse                        Hexes                        3
   d - Tukima's Dance                 Hexes                        3
   e - Dazzling Spray                 Conjuration/Hexes            3
Comestibles
 d - a bread ration
 f - 2 fruits


   Skills:
 + Level 2.9 Fighting
 + Level 8.7 Short Blades
 + Level 12.6 Dodging
 + Level 25.3 Stealth
 + Level 14.8 Spellcasting
 + Level 4.0 Conjurations
 + Level 18.0 Hexes
 - Level 0.2 Ice Magic
 + Level 1.6 Invocations


You had 27 spell levels left.
You knew the following spells:

 Your Spells              Type           Power        Failure   Level  Hunger
a - Corona                Hex            ######.      0%          1    None
b - Ensorcelled Hibernat  Hex/Ice        #####.       1%          2    None
c - Confuse               Hex            ######..     0%          3    None
d - Tukima's Dance        Hex            ######..     0%          3    None
e - Dazzling Spray        Conj/Hex       ######       1%          3    None


Dungeon Overview and Level Annotations

Branches:
Dungeon (1/1)

Altars:
Cheibriados
Dithmenos
Elyvilon
Fedhas
Gozag
Hepliaklqana
Kikubaaqudgha
Makhleb
Nemelex Xobeh
Okawaru
Qazlal
Ru
Sif Muna
Trog
Uskayaw
Vehumet
Xom
Yredelemnul
Zin
The Shining One
Jiyva
Lugonu

Shops:
D [(?!}(=[(:}[(}}[(*=[[


Innate Abilities, Weirdness & Mutations

You are tiny and cannot use many weapons and most armour.
You have supernaturally acute eyesight. (SInv)
You are a herbivore.
You cover ground extremely quickly.
You need consume almost no food.
You have a somewhat thin skeletal structure. (Dex +2, Stealth)


Message History

The meliai is too close now for your liking.
There is an open door here.
You open the large door.
Found 365 gold pieces.
Found 162 gold pieces.
There is a large open door here.
Really walk into a travel-excluded area? [Y]es or [N]o only, please.
Really walk into a travel-excluded area?
Okay, then.
Really walk into a travel-excluded area?
Found 27 gold pieces.
You close the large door.
You are engulfed in freezing vapours.
Ouch! That really hurt!
You emit a cloud of dark smoke.
Your corrosive artefact corrodes you!
Press: ? - help, v - describe, . - travel A stone wall.
This square is wreathed by an umbra.
You open the large door.
You are engulfed in freezing vapours.
You die...

.'.)#...##'#§####§..§§##..§§^#§§§
_####...'..#.#(###§§.#######+#§.§
##§.#####..'§#'#.###§#,,,**..#§§§
§≈§§#§§##'####...#y#.#*,,,#..##§§
≈§§§§§§#§§...#...###..***,#..≈###
≈≈")#..#§§§^§§.....##.#,*,#..≈,,#
'#####'###§..#^....#,.##*,#.m≈,*#
.(.###§§§#§..###''##,##..,#..≈##.
'###.###§#..###§@##*,,*+##*,,≈#.§
...'.∩##§#..#*##§§#**,,,*,≈,,*#..
########§##'#,,#$$#,***,*,≈,,*...
......##§##(#,,$$§$,,,*,***,,#...
......§§§####,,$$$$$,,*,*,+,,##..
''######§#,,+,$$$$$##**+*,**+*#$$
....§§§#§#****$$$###,,,,*,*≈≈≈**,
§.§§§§#§§#,,,#####,,,****,*≈≈≈≈**
..§§§§####,,,,,,,,,***,,,,*≈≈≈≈≈*


You could see a meliai (wandering).

Vanquished Creatures
  A lorocyproca (D)
  A hydra (D)
  2 centaur warriors (D)
  Sonja (D)
  A deep troll (D)
  A lindwurm (D)
  2 unseen horrors (D)
  An oklob plant (D)
  8 shining eyes (D)
  A gargoyle (D)
  2 kobold demonologists (D)
  4 demonic crawlers (D)
  A slime creature (D)
  Sigmund (D)
  2 redbacks (D)
  13 hogs (D)
  A yak (D)
  7 floating eyes (D)
  7 necrophages (D)
  An ogre (D)
  A wasp (D)
  8 jellies (D)
  Ijyb (D)
  2 ballistomycetes (D)
  A ballistomycete spore (D)
71 creatures vanquished.

Vanquished Creatures (others)
  A ballistomycete spore (D)
1 creature vanquished.

Grand Total: 72 creatures vanquished

Notes
Turn   | Place    | Note
-------+----------+-------------------------------------------
     0 | D        | poirepourri the Spriggan Enchanter began the quest for the Orb.
     0 | D        | Reached XP level 1. HP: 9/9 MP: 5/5
     1 | D        | Noticed Ijyb
    11 | D        | Killed Ijyb
    11 | D        | Reached skill level 6 in Stealth
    11 | D        | Reached skill level 5 in Hexes
    11 | D        | Reached XP level 2. HP: 11/13 MP: 5/7
    36 | D        | Learned a level 2 spell: Ensorcelled Hibernation
    41 | D        | Noticed an ogre
    44 | D        | Killed an ogre
    44 | D        | Reached skill level 9 in Stealth
    44 | D        | Reached XP level 3. HP: 16/16 MP: 8/10
    44 | D        | Reached XP level 4. HP: 21/21 MP: 8/11
    49 | D        | Learned a level 3 spell: Confuse
    53 | D        | Learned a level 3 spell: Tukima's Dance
    57 | D        | Learned a level 3 spell: Dazzling Spray
    66 | D        | Noticed Sigmund
    69 | D        | Killed Sigmund
    69 | D        | Reached skill level 5 in Dodging
    69 | D        | Reached skill level 11 in Stealth
    69 | D        | Reached skill level 10 in Hexes
    69 | D        | Reached XP level 5. HP: 24/24 MP: 10/14
    82 | D        | Found a deep blue altar of Sif Muna.
    84 | D        | Found a radiant altar of Vehumet.
    88 | D        | Reached skill level 12 in Stealth
    88 | D        | Reached XP level 6. HP: 28/28 MP: 13/16
    91 | D        | Found Mehumak's Distillery.
    91 | D        | Found an ancient bone altar of Kikubaaqudgha.
    91 | D        | Found a hazy altar of Hepliaklqana.
    91 | D        | Found a stormy altar of Qazlal.
    91 | D        | Found a hide-covered altar of Uskayaw.
    91 | D        | Found a blossoming altar of Fedhas.
    91 | D        | Found a bloodstained altar of Trog.
    91 | D        | Found an iron altar of Okawaru.
    91 | D        | Found a basalt altar of Yredelemnul.
    91 | D        | Found a glowing golden altar of the Shining One.
    91 | D        | Found a snail-covered altar of Cheibriados.
    91 | D        | Found a sacrificial altar of Ru.
    91 | D        | Found a glowing silver altar of Zin.
    91 | D        | Found a shadowy altar of Dithmenos.
    91 | D        | Found a white marble altar of Elyvilon.
    91 | D        | Noticed a yak
    92 | D        | Found an opulent altar of Gozag.
    93 | D        | Killed a yak
    93 | D        | Reached skill level 13 in Stealth
    94 | D        | Found a sparkling altar of Nemelex Xobeh.
   100 | D        | Became a worshipper of Dithmenos the Shadowed
   141 | D        | Found a burning altar of Makhleb.
   141 | D        | Found a viscous altar of Jiyva.
   141 | D        | Found a shimmering altar of Xom.
   141 | D        | Found a corrupted altar of Lugonu.
   141 | D        | Noticed a slime creature
   144 | D        | Killed a slime creature
   144 | D        | Reached skill level 14 in Stealth
   144 | D        | Reached XP level 7. HP: 28/32 MP: 18/18
   212 | D        | Bought a potion of haste for 130 gold pieces
   219 | D        | Noticed Sonja
   223 | D        | Killed Sonja
   223 | D        | Reached skill level 16 in Stealth
   223 | D        | Reached XP level 8. HP: 37/37 MP: 19/21
   239 | D        | Noticed a deep troll
   243 | D        | Killed a deep troll
   243 | D        | Reached * piety under Dithmenos
   243 | D        | Reached skill level 5 in Short Blades
   243 | D        | Reached skill level 17 in Stealth
   253 | D        | Found Gifraonner's Armour Emporium.
   258 | D        | Bought a +2 robe of positive energy for 147 gold pieces
   326 | D        | Found Sixa's Armour Boutique.
   362 | D        | Noticed a centaur warrior
   362 | D        | Noticed a centaur warrior
   364 | D        | Killed a centaur warrior
   364 | D        | Reached skill level 1 in Fighting
   364 | D        | Reached skill level 18 in Stealth
   364 | D        | Reached XP level 9. HP: 41/41 MP: 21/23
   366 | D        | Killed a centaur warrior
   366 | D        | Reached skill level 19 in Stealth
   366 | D        | Reached skill level 15 in Hexes
   378 | D        | Reached ** piety under Dithmenos
   389 | D        | Noticed an oklob plant
   391 | D        | Killed an oklob plant
   391 | D        | Reached skill level 20 in Stealth
   398 | D        | Reached skill level 10 in Dodging
   423 | D        | Noticed an unseen horror
   424 | D        | Noticed an unseen horror
   430 | D        | Killed an unseen horror
   430 | D        | Reached *** piety under Dithmenos
   430 | D        | Reached skill level 21 in Stealth
   430 | D        | Reached skill level 10 in Spellcasting
   430 | D        | Reached XP level 10. HP: 46/46 MP: 23/25
   432 | D        | Killed an unseen horror
   463 | D        | Reached **** piety under Dithmenos
   469 | D        | Reached skill level 22 in Stealth
   718 | D        | Reached ***** piety under Dithmenos
   808 | D        | Found Petuh's Antique Armour Shoppe.
   808 | D        | Found Gaumiamm's Jewellery Shop.
   808 | D        | Found Izuqimpu's Weapon Boutique.
   810 | D        | Found Lidd's Book Emporium.
   810 | D        | Found Ogam's Gadget Shop.
   810 | D        | Found Yxinit's Armour Shoppe.
   810 | D        | Found Jucaom Leto's Antique Weapon Boutique.
   810 | D        | Found Tovar's Gadget Emporium.
   810 | D        | Found Loelorr's Gadget Shop.
   810 | D        | Found Hucaluh's Antique Armour Shoppe.
   815 | D        | Bought an ominously black robe for 148 gold pieces
   816 | D        | Found Lirhinlutz's Antique Weapon Boutique.
   817 | D        | Found Yheyvv Zasm's Jewellery Emporium.
   817 | D        | Found Femosm's General Store.
   818 | D        | Found Jaudedi's Antique Armour Emporium.
   825 | D        | Bought a buckler for 112 gold pieces
   827 | D        | Bought the amulet "Uselawk Irif" {RegenMP rF+} for 484 gold pieces
   828 | D        | Bought a potion of resistance for 140 gold pieces
   994 | D        | Identified the +1 robe of Servitude {*Corrode rPois rN+ Int+2} (You bought it in a shop in the Dungeon)
   998 | D        | Noticed a rust devil
  1015 | D        | Noticed a sixfirhy
  1033 | D        | Reached ****** piety under Dithmenos
  1268 | D        | Noticed a shining eye
  1268 | D        | Noticed a shining eye
  1268 | D        | Noticed a shining eye
  1268 | D        | Noticed a shining eye
  1268 | D        | Noticed a shining eye
  1268 | D        | Noticed a shining eye
  1269 | D        | Noticed a shining eye
  1269 | D        | Noticed a shining eye
  1270 | D        | Killed a shining eye
  1270 | D        | Reached skill level 1 in Conjurations
  1271 | D        | Killed a shining eye
  1274 | D        | Killed a shining eye
  1274 | D        | Gained mutation: You have a somewhat thin skeletal structure. (Dex +2, Stealth) [a shining eye]
  1278 | D        | Paralysed by a floating eye for 3 turns
  1287 | D        | Reached skill level 23 in Stealth
  1360 | D        | Killed a shining eye
  1360 | D        | Reached XP level 11. HP: 51/51 MP: 18/28
  1366 | D        | Killed a shining eye
  1368 | D        | Killed a shining eye
  1368 | D        | Reached skill level 1 in Invocations
  1369 | D        | Killed a shining eye
  1372 | D        | Killed a shining eye
  1386 | D        | Paralysed by a floating eye for 4 turns
  1470 | D        | Found Oplall's Weapon Shoppe.
  1470 | D        | Found Cudonair's Gadget Shop.
  1470 | D        | Found Fupt's Magic Scroll Emporium.
  1470 | D        | Found Hotumn's Antique Weapon Boutique.
  1478 | D        | Bought a scroll of remove curse for 30 gold pieces
  1648 | D        | Reached skill level 24 in Stealth
  1890 | D        | Noticed a lorocyproca
  1892 | D        | Killed a lorocyproca
  2063 | D        | Noticed a lindwurm
  2065 | D        | Killed a lindwurm
  2135 | D        | Reached skill level 25 in Stealth
  2330 | D        | Noticed a 12-headed hydra
  2332 | D        | Killed a 12-headed hydra
  2398 | D        | Noticed a shadow dragon
  2398 | D        | Noticed a golden dragon
  2556 | D        | Bought an uncursed ring of wizardry for 330 gold pieces
  2699 | D        | Bought a cloak for 112 gold pieces
  2701 | D        | Bought an uncursed ring of protection from magic for 275 gold pieces
  2701 | D        | Bought an uncursed ring of resist corrosion for 220 gold pieces
  2762 | D        | Engulfed by a cloud of freezing vapour

Vault maps used:
D:        dungeon_sprint_1

Skill      XL: |  1  2  3  4  5  6  7  8  9 10 11 |
---------------+----------------------------------+-----
Stealth        | 6 9 11 12 14 16 18 21 23 25 | 25.3
Spellcasting   | 3 4 6 7 8 9 10 12 14 | 14.8
Hexes          | 5 8 10 12 13 14 15 16 18 | 18.0
Dodging        | 4 5 6 7 8 9 10 11 12 | 12.6
Short Blades   | 2 3 4 6 7 8 |  8.7
Fighting       | 1 2 |  2.9
Conjurations   | 1 4 |  4.0
Invocations    | 1 |  1.6
Ice Magic      | |  0.2

Action                   |  1- 3 |  4- 6 |  7- 9 | 10-12 || total
-------------------------+-------+-------+-------+-------++-------
Melee: Dagger            |     9 |     4 |     9 |   133 ||   155
 Cast: Confuse           |       |       |       |    27 ||    27
       Dazzling Spray    |       |       |       |    38 ||    38
       Ensorcelled Hiber |       |       |       |     9 ||     9
Invok: Shadow Step       |       |       |       |     3 ||     3
  Use: Scroll            |       |     2 |     2 |     1 ||     5
       Potion            |       |       |       |     6 ||     6
 Stab: Sleeping          |     2 |     4 |     9 |    27 ||    42
       Confused          |       |       |       |    12 ||    12
       Invisible         |       |       |       |     5 ||     5
Armor: Robe              |       |       |       |     2 ||     2
Dodge: Dodged            |     5 |       |       |   155 ||   160
